 Dungeon Crawl Stone Soup version 0.30-a0-778-g2ef04afb54 (webtiles) character file.

Game seed: 16073843533034785481

128 Smoke131 the Sneak (level 4, 0/21 HPs)
             Began as a Spriggan Enchanter on Feb 15, 2023.
             Slain by an iguana (11 damage)
             ... on level 4 of the Dungeon.
             The game lasted 00:14:15 (2841 turns).

Smoke131 the Sneak (Spriggan Enchanter)             Turns: 2841, Time: 00:14:16

Health: 0/21       AC:  3    Str:  4    XL:     4   Next: 87%
Magic:  10/10      EV: 18    Int: 16    God:
Gold:   65         SH:  0    Dex: 17    Spells: 5/10 levels left

rFire   x . .      SeeInvis +    j - +2 short sword (vamp)
rCold   + . .      Faith    .    (no shield)
rNeg    . . .      Spirit   .    b - +1 robe
rPois   .          Reflect  .    (helmet restricted)
rElec   .          Harm     .    (no cloak)
rCorr   .          Rampage  .    (gloves unavailable)
Will    .....                    (boots unavailable)
Stlth   +++                      (no amulet)
HPRegen 0.23/turn                k - ring of ice
MPRegen 0.12/turn                (no ring)

@: very quick
A: very small, no large weapons, unfitting armour, see invisible, speed 3
a: no special abilities


You were on level 4 of the Dungeon.
You visited 1 branch of the dungeon, and saw 4 of its levels.

You collected 175 gold pieces.
You spent 110 gold pieces at shops.

Inventory:

Hand Weapons
 j - a +2 vampiric short sword (weapon)
Armour
 b - a +1 robe (worn)
Jewellery
 k - a ring of ice (left hand)
Scrolls
 d - 3 scrolls of enchant armour
 e - 2 scrolls of teleportation
 m - a scroll of acquirement {unknown}
 n - a scroll of blinking {unknown}
 p - a scroll of amnesia {unknown}
 s - a scroll of enchant weapon {unknown}
 t - a scroll of fog {unknown}
Potions
 a - 2 potions of berserk rage
 c - 2 potions of invisibility
 f - 3 potions of might
 g - 2 potions of lignification
 h - a potion of flight
 i - a potion of mutation
 l - a potion of ambrosia {unknown}
 o - a potion of curing
 q - a potion of attraction {unknown}
 r - a potion of heal wounds


   Skills:
 + Level 2.5 Short Blades
 + Level 3.9 Dodging
 + Level 5.6 Stealth
 + Level 3.5 Spellcasting
 + Level 4.4 Hexes


You had 5 spell levels left.
You knew the following spells:

 Your Spells              Type           Power      Damage    Failure   Level
a - Ensorcelled Hibernat  Hex/Ice        28%        N/A       11%         2
b - Confusing Touch       Hex            16%        N/A       9%          3

Your spell library contained the following spells:

 Spells                   Type           Power      Damage    Failure   Level
 Tukima's Dance           Hex            16%        N/A       9%          3
 Dazzling Flash           Conj/Hex       18%        N/A       22%         3


Dungeon Overview and Level Annotations

Branches:
Dungeon (4/15)
 Temple: D:4-7

Altars:
Ashenzari
Fedhas
Kikubaaqudgha
Nemelex Xobeh
Vehumet
Zin

Shops:
D:3 !!?:

Annotations:
D:2 Grinder


Innate Abilities, Weirdness & Mutations

You are very small and have problems with some larger weapons.
You are too small for most types of armour.
You have supernaturally acute eyesight. (SInv)
You cover ground extremely quickly. (Speed+++)


Message History

The iguana is moderately wounded.
The iguana barely misses you.
You hit the iguana but do no damage.
The iguana is moderately wounded.
The iguana barely misses you.
You hit the iguana.
The iguana is heavily wounded.
The iguana misses you.
You hit the iguana but do no damage.
The iguana is heavily wounded.
You barely miss the iguana.
The iguana is heavily wounded.
The iguana closely misses you.
You hit the iguana.
The iguana is heavily wounded.
The iguana completely misses you.
You closely miss the iguana.
The iguana is heavily wounded.
The iguana closely misses you.
You hit the iguana but do no damage.
The iguana is heavily wounded.
The iguana bites you!
You barely miss the iguana.
The iguana is heavily wounded.
The iguana closely misses you.
You hit the iguana but do no damage.
The iguana is heavily wounded.
The iguana closely misses you.
There is an open door here.
There is an open door here.
You hit the iguana.
You feel better.
The iguana is almost dead.
The iguana bites you.
You closely miss the iguana.
The iguana is almost dead.
You hit the iguana but do no damage.
The iguana is almost dead.
The iguana bites you!
Ouch! That really hurt!
You die...

#.# #.#...#...# #.# #.#
###'###†###'####.#
#####.######..#.......#..##.#
#..........#..#.......#..##.# #..
#.##...)..+###'###+..'..###
#..##.##..##..#.'†..+.#..##...#
##..#..##..##..#.#...#.#..####.##
#.......o...+##l.#._.#.+##+......
#...#.#....##..#@#...#.#..#....##
#...$.$.....#..#.'...+)#..#......
#.###.#...#.+..+###'###'..'....#.
#.#..####..#.......#..#....#.
#.#.## #..#.......#..#.#.##.
....# ###+###+###+###.#.##. #.###
#.......... #.# #####...... #.#
###.###


You could see an iguana.

Vanquished Creatures
  An orc wizard (D:3)
  Robin (D:2)
  An adder (D:2)
  2 worms
  A dart slug (D:4)
  5 orcs
  4 endoplasms
  7 giant cockroaches
  10 goblins
  10 hobgoblins
  3 kobolds
  2 quokkas (D:2)
  2 ball pythons
  3 bats
  9 frilled lizards
  3 rats
64 creatures vanquished.

Notes
Turn   | Place    | Note
-------+----------+-------------------------------------------
     0 | D:1      | Smoke131 the Spriggan Enchanter began the quest for the
                  | Orb.
     0 | D:1      | Reached XP level 1. HP: 9/9 MP: 5/5
   197 | D:1      | Reached XP level 2. HP: 8/13 MP: 6/6
   778 | D:2      | Reached XP level 3. HP: 16/16 MP: 8/8
   961 | D:2      | Reached skill level 5 in Stealth
  1429 | D:2      | Noticed Robin
  1455 | D:2      | Killed Robin
  1470 | D:2      | Reached XP level 4. HP: 17/21 MP: 9/9
  1646 | D:3      | Noticed Grinder
  1671 | D:2      | Learned a level 2 spell: Ensorcelled Hibernation
  1696 | D:3      | Paralysed by Grinder for 3 turns
  1759 | D:3      | Paralysed by Grinder for 2 turns
  1815 | D:3      | Found the +1 Delatra's gloves {ID++}
  1919 | D:3      | Found Tirelaum's Book Shoppe.
  1940 | D:3      | Found Nitatak's Magic Scroll Emporium.
  1948 | D:3      | Bought a scroll of identify for 22 gold pieces
  1948 | D:3      | Bought a scroll of identify for 22 gold pieces
  2096 | D:3      | Found Ratzuil's Distillery.
  2102 | D:3      | Bought a potion of heal wounds for 55 gold pieces
  2102 | D:3      | Bought a potion of degeneration for 11 gold pieces
  2118 | D:3      | Found Picef's Distillery.
  2200 | D:3      | Found a broken altar of Ashenzari.
  2205 | D:3      | Found a radiant altar of Vehumet.
  2211 | D:3      | Found an ancient bone altar of Kikubaaqudgha.
  2212 | D:3      | Found a glowing silver altar of Zin.
  2218 | D:3      | Found a blossoming altar of Fedhas.
  2490 | D:3      | Learned a level 3 spell: Confusing Touch
  2720 | D:4      | Found a sparkling altar of Nemelex Xobeh.
  2841 | D:4      | Slain by an iguana

Illustrated notes

Levels and vault maps discovered:
D:1:      ebering_hopf_link, layout_rooms, serial_corexii_hall,
          corexii_hall_statues_i, chequers_hall_statues_y
D:2:      layout_loops_corners, uniq_robin
D:3:      layout_loops_ring, nicolae_overflow_hallway_of_the_gods, serial_shops,
          shop, shop, nicolae_shop_stone, shop_statue,
          pf_guarded_unrand_delatra, uniq_grinder
D:4:      layout_loops_corners, mainiacjoe_overflow_24_doors, serial_rivers,
          chequers_serial_rivers_micro_d, chequers_serial_rivers_micro_e,
          chequers_serial_rivers_room_b, chequers_serial_rivers_small_a,
          chequers_serial_rivers_micro_e, chequers_serial_rivers_micro_e,
          minmay_misc_feat_iff, nicolae_figureground_sparkle

Skill      XL: |  1  2  3 |
---------------+----------+-----
Dodging        | 3 |  3.9
Spellcasting   | 3 |  3.5
Hexes          | 4 |  4.4
Stealth        | 5 |  5.6
Short Blades   | 2 |  2.5

Action                     |  1- 3 |  4- 6 || total
---------------------------+-------+-------++-------
  Melee: Dagger            |    71 |       ||    71
         Short sword       |    76 |    78 ||   154
         Punch             |       |     1 ||     1
   Cast: Ensorcelled Hiber |       |     2 ||     2
    Use: Scroll            |     4 |     4 ||     8
   Stab: Sleeping          |     7 |    11 ||    18
         Distracted        |       |     2 ||     2
 Armour: Robe              |     6 |     3 ||     9
  Dodge: Dodged            |    87 |    44 ||   131

Table legend: (Time is in decaauts)
 A = Elapsed time spent in this place.
 B = Non-inter-level travel time spent in this place.
 C = Inter-level travel time spent in this place.
 D = Time resting spent in this place.
 E = Time spent auto-exploring this place.
 F = Levels seen in this place.
 G = Mean time per level.
                   A        B        C        D        E       F      G
               +--------+--------+--------+--------+--------+-----+--------+
         Total |   1868 |   1843 |     25 |     17 |   1027 |   4 |  467.0 |
       Dungeon |   1868 |   1843 |     25 |     17 |   1027 |   4 |  467.0 |
               +--------+--------+--------+--------+--------+-----+--------+

Top non-repeatable levels by time:
     D:2: 713 daAuts
     D:3: 530 daAuts
     D:1: 402 daAuts
     D:4: 222 daAuts
